 Dungeon Crawl Stone Soup version 0.24-a0-581-gc0fa6600bf (webtiles) character file.

Game seed: 12824687741715419740

292357 Flugkiller the Impaler (level 19, -16/163 HPs)
             Began as a Mummy Berserker on Aug 23, 2019.
             Was the Champion of Trog.
             Shot with an arrow by a deep elf master archer (17 damage)
             ... on level 3 of the Elven Halls.
             The game lasted 01:41:53 (57028 turns).

Flugkiller the Impaler (Mummy Berserker)           Turns: 57028, Time: 01:41:53

Health: -16/163    AC: 26    Str: 23    XL:     19   Next: 98%
Magic:  7/7        EV: 19    Int:  2    God:    Trog [******]
Gold:   3293       SH:  3    Dex: 20    Spells: 18/18 levels left

rFire    + . .     SeeInvis +   P - +8 bardiche (antimagic)
rCold    . . .     Gourm    .   (shield currently unavailable)
rNeg     + + +     Faith    .   U - +6 scale mail of Agello {Int-4 Dex+3 Slay+3}
rPois    ∞         Spirit   .   V - +2 helmet {SInv}
rElec    .         Reflect  +   e - +0 cloak
rCorr    .         Harm     .   S - +2 pair of gloves
MR       ++++.                  g - +0 pair of boots
Stlth    ..........             v - amulet of Youthful Indiscretion {Reflect rF+ rN+ SH+3}
HPRegen  1.37/turn              t - +3 ring of evasion
MPRegen  0.10/turn              G - ring of fire

@: regenerating
A: no food or potions, fire vulnerability, cold resistance 1, negative energy
resistance 3, torment resistance, unbreathing, in touch with death 1
}: 2/15 runes: decaying, serpentine
a: Trog's Hand, Brothers in Arms, Renounce Religion


You were on level 3 of the Elven Halls.
You worshipped Trog.
Trog was exalted by your worship.
You were not hungry.

You visited 6 branches of the dungeon, and saw 34 of its levels.
You also visited: Sewer, Bailey and Desolation.

You collected 3883 gold pieces.
You spent 590 gold pieces at shops.

Inventory:

Hand Weapons
 d - a +2 glaive of flaming
   (You subdued it on level 3 of the Elven Halls)
 m - a +4 demon trident of venom
   (You took it off Mara on level 4 of the Swamp)
 s - a +6 halberd of freezing
   (Trog gifted it to you on level 1 of the Swamp)
 L - the +10 trident "Elue" {venom, +Rage rElec MR+}
   (You found it on level 11 of the Dungeon)

   It poisons the flesh of those it strikes.
   It insulates you from electricity.
   It affects your resistance to hostile enchantments.
   It lets you go berserk.
 P - a +8 antimagic bardiche (weapon)
   (Trog gifted it to you on level 13 of the Dungeon)
Missiles
 k - 99 poisoned darts
 r - 2 throwing nets
 C - 7 curare-tipped darts
 D - 7 javelins
 I - 11 silver javelins (quivered)
Armour
 c - a +1 cloak of invisibility
   (You took it off Nikola on level 3 of the Elven Halls)
 e - a +0 cloak (worn)
   (You found it on level 1 of the Dungeon)
 g - a +0 pair of boots (worn)
   (You found it on level 3 of the Dungeon)
 y - a +0 shield
   (You found it on level 9 of the Dungeon)
 R - a +4 plate armour
   (You took it off an orc warrior on level 2 of the Orcish Mines)
 S - a +2 pair of gloves (worn)
   (You found it on level 2 of the Swamp)
 U - the +6 scale mail of Agello (worn) {Int-4 Dex+3 Slay+3}
   (You found it on level 2 of the Snake Pit)

   It affects your intelligence (-4).
   It affects your dexterity (+3).
   It affects your accuracy and damage with ranged weapons and melee attacks
   (+3).
 V - a +2 helmet of see invisible (worn)
   (You found it on level 2 of the Snake Pit)
Jewellery
 n - an uncursed ring of protection from cold
   (You found it on level 1 of the Swamp)
 t - a +3 ring of evasion (left hand)
   (You took it off an orc on level 8 of the Dungeon)
 v - the amulet of Youthful Indiscretion (around neck) {Reflect rF+ rN+ SH+3}
   (You bought it in a shop on level 2 of the Orcish Mines)

   [amulet of reflection]

   It shields you and reflects attacks.
   It protects you from fire.
   It protects you from negative energy.
   It affects your SH (+3).
 F - an uncursed ring of flight
   (You found it on level 4 of the Lair of Beasts)
 G - a ring of fire (right hand)
   (You found it on level 4 of the Lair of Beasts)
Wands
 i - a wand of polymorph (52)
   (You took it off Natasha on level 2 of the Dungeon)
 j - a wand of digging (9)
   (You found it on level 2 of the Dungeon)
 l - a wand of iceblast (14)
   (You found it on level 6 of the Dungeon)
 q - a wand of disintegration (14)
   (You found it on level 4 of the Dungeon)
 J - a wand of paralysis (12)
   (You found it on level 10 of the Dungeon)
 M - a wand of flame (29)
   (You found it on level 11 of the Dungeon)
 T - a wand of acid (10)
   (You found it on level 4 of the Swamp)
Scrolls
 a - 3 scrolls of fog
 b - 11 scrolls of remove curse
 o - 6 scrolls of fear
 p - 7 scrolls of teleportation
 u - a scroll of vulnerability
 x - 3 scrolls of enchant weapon
 z - 9 scrolls of identify
 A - 2 scrolls of silence
 E - 2 scrolls of brand weapon
 N - 5 scrolls of magic mapping
 O - 2 scrolls of holy word
 Q - 5 scrolls of immolation
Miscellaneous
 w - a lamp of fire
   (You found it on level 9 of the Dungeon)
 B - a box of beasts
 H - a phantom mirror
 K - a sack of spiders


   Skills:
 - Level 18.0 Fighting
 - Level 20.0 Polearms
 + Level 14.2 Armour
 * Level 8.0 Dodging
 - Level 1.6 Shields
 - Level 5.3 Evocations


You had 18 spell levels left.
You didn't know any spells.
Your spell library was empty.

Dungeon Overview and Level Annotations

Branches:
Dungeon (15/15)            Temple (0/1) D:7            Lair (6/6) D:9
  Swamp (4/4) Lair:3        Snake (4/4) Lair:4        Slime (0/5) Lair:6
    Orc (2/2) D:12            Elf (3/3) Orc:2        Vaults (0/5) D:13
  Sewer (visited)          Bailey (visited)         Desolation (visited)
 Depths: D:15

Altars:
Dithmenos
Elyvilon
Gozag
Hepliaklqana
Nemelex Xobeh
Okawaru
Qazlal
Sif Muna
Yredelemnul
Zin

Shops:
D:12 [   D:14 :   Orc:2 =:[!   Elf:1 ?   Elf:3 (   Snake:1 =

Annotations:
D:4 2 transporters
D:10 3 runed translucent doors, Thantalas's ghost, journeyman GrFi
D:15 exclusion: 2 doors
Lair:1 2 transporters
Lair:3 exclusion: oklob plant
Lair:5 exclusion: oklob plant
Lair:6 3 runed translucent doors, exclusion: 3 oklob plants, Xyocruw's ghost, journeyman DsBe
Elf:2 5 runed translucent doors


Innate Abilities, Weirdness & Mutations

You do not eat or drink.
Your flesh is vulnerable to fire.
You are immune to poison.
Your flesh is cold resistant. (rC+)
You are immune to negative energy. (rN+++)
You are immune to unholy pain and torment.
You can survive without breathing.
You are in touch with the powers of death.


Message History

There is an open door here.
A deep elf master archer comes into view.
A deep elf master archer is nearby!
A deep elf master archer is nearby!
You start resting.
The deep elf master archer is too close now for your liking.
The deep elf master archer wields a +0 longbow.
The deep elf master archer shoots an arrow.
The arrow barely misses you.
You slash the deep elf master archer!
The deep elf master archer is lightly wounded.
The deep elf master archer shoots an arrow.
The arrow completely misses you.
You slash the deep elf master archer!
The deep elf master archer is moderately wounded.
The deep elf master archer shoots an arrow.
The arrow hits you!!
* * * LOW HITPOINT WARNING * * *
You barely miss the deep elf master archer.
The deep elf master archer is moderately wounded.
The deep elf master archer shoots an arrow.
The arrow barely misses you.
The deep elf master archer shoots an arrow.
The arrow hits you!
* * * LOW HITPOINT WARNING * * *
Your skin crawls.
You feel resistant to hostile enchantments.
The deep elf master archer shoots an arrow.
You reflect the arrow off an invisible shield around you!
The arrow barely misses the deep elf master archer.
Unknown command.
Your stone giant goes berserk!
The deep elf master archer shoots an arrow.
The arrow barely misses you.
The deep elf master archer shoots an arrow.
The arrow hits you but does no damage.
Unknown command.
You closely miss the deep elf master archer.
The deep elf master archer is moderately wounded.
The deep elf master archer shoots an arrow.
The arrow hits you!!
* * * LOW HITPOINT WARNING * * *
You slash the deep elf master archer!
The deep elf master archer is heavily wounded.
The deep elf master archer shoots an arrow.
The arrow hits you!
* * * LOW HITPOINT WARNING * * *
The deep elf master archer shoots an arrow.
The arrow hits you!
You die...

...............................#
≈≈≈≈≈≈≈≈≈≈≈≈≈≈≈≈≈≈≈≈≈≈≈≈≈≈≈≈≈≈≈#
≈≈≈≈≈≈≈≈≈≈≈≈≈≈≈≈≈≈≈≈≈≈≈≈≈≈≈≈≈≈≈#
################################
...............................#
)..............................#
#'####'###############'##'######
.....#....(....eC.......#(.....#
.....#.....)...#@...)...#......#
.....')..).....#.(......'......#
########.#e#....################
###.#.#### #(### #.# #e# #.# #.#


You could see a deep elf master archer and a friendly stone giant (berserk).

Vanquished Creatures
  Mara (Swamp:4)
  Vashnia (Snake:3)
  Nikola (Elf:3)
  Jorgrun (Snake:1)
  A tentacled monstrosity (Swamp:3)
  Rupert (Lair:3)
  A deep elf master archer (Elf:3)
  6 nagarajas
  Aizul (Snake:3)
  Louise (Snake:1)
  2 deep elf sorcerers
  An imperial myrmidon (Desolation)
  A deep elf elementalist (Elf:3)
  A deep elf demonologist (Elf:3)
  A deep elf annihilator (Elf:3)
  18 naga warriors
  A vault guard (D:13)
  A deep elf death mage (Elf:3)
  A deep elf high priest (Elf:3)
  3 shambling mangroves
  31 hydras
  Erica (Lair:2)
  20 anacondas
  2 peacekeepers (Desolation)
  9 two-headed ogres
  5 catoblepae
  15 dancing weapons
  10 centaur warriors
  An ogre mage (D:15)
  3 tengu warriors (D:15)
  21 alligators
  10 death yaks
  4 orc high priests (Orc:2)
  18 naga sharpshooters
  Sonja (Lair:2)
  11 shock serpents
  12 deep elf knights
  A fire crab (shapeshifter) (D:13)
  5 salamander mystics (Snake:4)
  11 swamp dragons
  An unseen horror (shapeshifter) (D:14)
  3 unseen horrors
  3 wizards
  3 spriggan druids
  2 ironbrand convokers (Desolation)
  4 lindwurms (Snake:4)
  8 orc knights
  7 naga ritualists
  11 deep elf archers
  A necromancer (D:13)
  2 cyclopes
  19 mana vipers
  6 orc sorcerers
  10 ugly things
  59 deep elf magi
  A wolf spider (D:15)
  3 manticores
  6 salamanders
  A cyclops (shapeshifter) (D:15)
  10 guardian serpents
  15 elephants
  28 black mambas
  14 spiny frogs
  A gargoyle (D:15)
  22 naga magi
  A centaur skeleton (D:13)
  7 rime drakes
  4 kobold demonologists
  3 yaktaurs
  A rime drake (shapeshifter) (D:15)
  12 komodo dragons
  A polar bear (Lair:4)
  4 trolls
  12 tyrant leeches
  14 slime creatures
  Grinder (D:3)
  9 hornets
  8 bog bodies
  24 blink frogs
  7 saltlings
  11 hippogriffs
  8 air elementals
  3 shadows
  7 spriggans
  2 water elementals (Elf:3)
  A vampire (D:14)
  20 humans (D:13)
  4 fire elementals
  5 wraiths
  2 wyverns
  2 hungry ghosts
  3 basilisks
  65 yaks
  19 vampire mosquitoes
  A steam dragon (D:13)
  35 nagas
  A soldier ant (D:13)
  11 swamp worms
  11 water moccasins
  2 acid dragons
  3 wargs (Orc:2)
  7 porcupines
  2 ice beasts
  8 sky beasts
  13 swamp drakes
  32 orc warriors
  2 black bears
  9 wolves
  15 ogres
  A phantom (D:13)
  A boggart (Elf:1)
  7 crocodiles
  4 centaurs
  6 big kobolds
  A gnoll sergeant (D:9)
  14 bullfrogs
  A wyvern zombie (D:14)
  5 earth elementals
  A wyvern skeleton (D:13)
  3 scorpions
  9 killer bees
  20 wights
  3 electric eels
  4 crimson imps
  A quasit (D:5)
  A bullfrog zombie (D:5)
  3 jellies
  A bullfrog skeleton (D:5)
  2 hounds
  5 centaur zombies
  15 orc priests
  Jessica (D:2)
  29 orc wizards
  Natasha (thrice) (D:2)
  4 iguanas
  14 worker ants
  2 hound zombies
  A howler monkey zombie (D:11)
  A worker ant zombie (D:10)
  Robin (D:2)
  8 gnolls
  A howler monkey skeleton (D:11)
  13 adders
  A river rat (Sewer)
  3 shadow imps
  An adder zombie (D:9)
  3 worms
  4 dart slugs
  8 leopard geckos
  78 orcs
  A ball python (D:2)
  6 bats
  9 giant cockroaches
  21 goblins
  6 hobgoblins
  4 jackals
  23 kobolds
  4 quokkas
  5 frilled lizards
  2 leopard gecko skeletons (D:5)
  2 quokka zombies (D:6)
  29 rats
  5 fungi
  3 plants
1292 creatures vanquished.

Vanquished Creatures (collateral kills)
  Josephine (D:11)
  2 two-headed ogres
  A deep elf archer (Bailey)
  3 deep elf magi (Bailey)
  An ugly thing (D:15)
  A naga mage (Snake:1)
  A shadow (D:15)
  An orc warrior (D:6)
  A worker ant (D:7)
  3 orcs (D:7)
  A quokka skeleton (D:7)
16 creatures vanquished.

Vanquished Creatures (others)
  2 deep elf knights
  2 naga sharpshooters (Snake:4)
  2 deep elf archers
  A naga mage (Snake:4)
  A bog body (Lair:3)
  A spriggan (Swamp:4)
  A naga (Snake:1)
  A necrophage (D:13)
  A centaur (D:11)
  14 fungi
  9 plants
35 creatures vanquished.

Grand Total: 1343 creatures vanquished

Notes
Turn   | Place    | Note
-------+----------+-------------------------------------------
     0 | D:1      | Flugkiller the Mummy Berserker began the quest for the Orb.
     0 | D:1      | Reached XP level 1. HP: 18/18 MP: 1/1
   409 | D:1      | Reached XP level 2. HP: 24/24 MP: 2/2
  1002 | D:2      | Reached XP level 3. HP: 26/30 MP: 3/3
  1015 | D:2      | Reached ** piety under Trog
  1190 | D:2      | Noticed Natasha
  1200 | D:2      | Killed Natasha
  1200 | D:2      | Reached skill level 3 in Polearms
  1386 | D:2      | Reached XP level 4. HP: 37/37 MP: 4/4
  1410 | D:2      | Noticed Jessica
  1426 | D:2      | Killed Jessica
  1540 | D:2      | Noticed Robin
  1573 | D:2      | Killed Robin
  1761 | D:2      | Noticed Natasha
  1788 | D:2      | Killed Natasha
  1788 | D:2      | Reached XP level 5. HP: 12/42 MP: 5/5
  1880 | D:2      | Noticed Natasha
  1901 | D:2      | Killed Natasha
  2041 | D:2      | Found a basalt altar of Yredelemnul.
  2167 | D:3      | Found a white marble altar of Elyvilon.
  2288 | D:3      | Found a glowing drain.
  2316 | Sewer    | Entered a sewer
  2585 | Sewer    | Reached *** piety under Trog
  2637 | Sewer    | Reached XP level 6. HP: 28/48 MP: 6/6
  2809 | Sewer    | Found a white marble altar of Elyvilon.
  3016 | D:3      | Noticed Grinder
  3037 | D:3      | Paralysed by Grinder for 4 turns
  3056 | D:3      | Killed Grinder
  3056 | D:3      | Reached skill level 5 in Dodging
  3425 | D:3      | Reached XP level 7. HP: 48/54 MP: 7/7
  3529 | D:3      | Found an opulent altar of Gozag.
  3532 | D:3      | Found a shadowy altar of Dithmenos.
  3535 | D:3      | Found an iron altar of Okawaru.
  4237 | D:4      | Noticed a troll
  4239 | D:4      | Found a transporter.
  4240 | D:4      | Noticed a slime creature
  4242 | D:4      | Found a transporter.
  4262 | D:4      | Found a hazy altar of Hepliaklqana.
  4593 | D:4      | Reached **** piety under Trog
  4619 | D:4      | Found a shimmering blue altar of Sif Muna.
  4794 | D:4      | Found a sparkling altar of Nemelex Xobeh.
  5045 | D:5      | Entered Level 5 of the Dungeon
  5087 | D:4      | Reached XP level 8. HP: 32/60 MP: 8/8
  5394 | D:5      | Reached skill level 4 in Polearms
  5482 | D:5      | Reached skill level 5 in Fighting
  5539 | D:5      | Found a basalt altar of Yredelemnul.
  6143 | D:6      | Reached skill level 5 in Polearms
  6399 | D:6      | Reached skill level 6 in Polearms
  6399 | D:6      | Reached XP level 9. HP: 30/69 MP: 9/9
  6611 | D:6      | Found a stormy altar of Qazlal.
  7003 | D:6      | Got a steaming short sword
  7004 | D:6      | Identified the +7 short sword of True Grit {flame, +Blink}
                  | (You found it on level 6 of the Dungeon)
  7399 | D:7      | Found a glowing silver altar of Zin.
  7571 | D:7      | Reached skill level 7 in Polearms
  7625 | D:7      | Noticed a two-headed ogre
  7642 | D:7      | Killed a two-headed ogre
  7711 | D:7      | Found a flagged portal.
  7717 | Bailey   | Entered a bailey
  7784 | Bailey   | Noticed a deep elf mage
  7803 | Bailey   | Killed a deep elf mage
  7807 | Bailey   | Noticed a deep elf mage
  7812 | Bailey   | Killed a deep elf mage
  7812 | Bailey   | Noticed a deep elf mage
  7813 | Bailey   | Noticed a deep elf mage
  7815 | Bailey   | Killed a deep elf mage
  7815 | Bailey   | Reached skill level 5 in Evocations
  7815 | Bailey   | Noticed a deep elf mage
  7818 | Bailey   | Noticed a deep elf mage
  7820 | Bailey   | Noticed a deep elf mage
  7822 | Bailey   | Killed a deep elf mage
  7822 | Bailey   | Reached XP level 10. HP: 67/76 MP: 13/13
  7823 | Bailey   | Killed a deep elf mage
  7825 | Bailey   | Killed a deep elf mage
  7826 | Bailey   | Killed a deep elf mage
  7826 | Bailey   | Reached skill level 5 in Armour
  8000 | Bailey   | Noticed a deep elf mage
  8000 | Bailey   | Noticed a deep elf mage
  8000 | Bailey   | Noticed a deep elf mage
  8005 | Bailey   | Killed a deep elf mage
  8011 | Bailey   | Killed a deep elf mage
  8014 | Bailey   | Killed a deep elf mage
  8043 | Bailey   | Noticed a deep elf archer
  8065 | Bailey   | Killed a deep elf archer
  9021 | D:7      | Found a staircase to the Ecumenical Temple.
  9265 | D:8      | Noticed a two-headed ogre
  9417 | D:8      | Reached XP level 11. HP: 73/85 MP: 14/14
 10119 | D:8      | Killed a two-headed ogre
 10521 | D:9      | Found a staircase to the Lair.
 11260 | Lair:1   | Entered Level 1 of the Lair of Beasts
 11415 | Lair:1   | Reached skill level 8 in Polearms
 11692 | Lair:1   | Found a transporter.
 11724 | Lair:1   | Found a transporter.
 11835 | Lair:1   | Noticed a swamp dragon
 11836 | Lair:1   | Noticed a swamp dragon
 12588 | Lair:2   | Noticed Erica
 12832 | Lair:2   | Reached ***** piety under Trog
 12836 | Lair:2   | Reached skill level 9 in Polearms
 13151 | Lair:2   | Noticed Sonja
 13445 | Lair:2   | Killed Erica
 13445 | Lair:2   | Reached XP level 12. HP: 96/96 MP: 15/15
 13747 | Lair:2   | Killed Sonja
 13885 | Lair:3   | Found a staircase to the Swamp.
 13928 | Lair:3   | Noticed a five-headed hydra
 14216 | Lair:3   | Noticed Rupert
 14299 | Lair:3   | Noticed an eight-headed hydra
 14310 | Lair:3   | Killed a four-headed hydra
 14666 | Lair:3   | Reached skill level 10 in Fighting
 14991 | Lair:3   | Killed Rupert
 15847 | Lair:4   | Found a staircase to the Snake Pit.
 16093 | Lair:4   | You fall into a shaft and drop 2 floors!
 16093 | Lair:6   | Entered Level 6 of the Lair of Beasts
 16094 | Lair:6   | Noticed a six-headed hydra
 16094 | Lair:6   | Found a runed translucent gate.
 16098 | Lair:6   | Found a runed translucent gate.
 16098 | Lair:6   | Found a runed translucent gate.
 16103 | Lair:6   | Killed a four-headed hydra
 16103 | Lair:6   | Reached skill level 10 in Armour
 16105 | Lair:6   | Noticed Xyocruw's ghost (journeyman DsBe)
 16171 | Lair:5   | Noticed a seven-headed hydra
 16360 | Lair:6   | Killed a one-headed hydra
 16360 | Lair:6   | Gained mutation: You are in touch with the powers of death.
                  | [Mummy growth]
 16360 | Lair:6   | Reached XP level 13. HP: 73/106 MP: 16/16
 17485 | Lair:6   | Found a staircase to the Slime Pits.
 18724 | Lair:5   | Received a gift from Trog
 19582 | Lair:4   | Reached XP level 14. HP: 107/116 MP: 17/17
 19652 | Lair:4   | Got a dazzling flail
 19725 | Lair:4   | Identified the cursed +1 flail "Onuacewuj" {venom, rPois
                  | SInv} (You found it on level 4 of the Lair of Beasts)
 20786 | Lair:6   | Received a gift from Trog
 21931 | D:10     | Entered Level 10 of the Dungeon
 22148 | D:10     | Found a runed translucent gate.
 22148 | D:10     | Found a runed translucent gate.
 22148 | D:10     | Found a runed translucent gate.
 22149 | D:10     | Noticed Thantalas's ghost (journeyman GrFi)
 22759 | D:11     | Got a faintly glowing trident
 22764 | D:11     | Identified the +10 trident "Elue" {venom, +Rage rElec MR+}
                  | (You found it on level 11 of the Dungeon)
 23365 | D:11     | Noticed Josephine
 23377 | D:11     | Killed Josephine
 23676 | D:12     | Found Omemedae's Armour Shop.
 23686 | D:12     | Found a staircase to the Orcish Mines.
 24346 | D:13     | Received a gift from Trog
 24374 | D:13     | Reached skill level 10 in Polearms
 24962 | D:13     | Reached XP level 15. HP: 75/126 MP: 7/18
 25321 | D:13     | Found a gate to the Vaults.
 25351 | D:13     | Reached skill level 11 in Polearms
 27221 | D:14     | Reached skill level 12 in Polearms
 27624 | D:14     | Found Duwnuec's Book Shoppe.
 27749 | D:15     | Entered Level 15 of the Dungeon
 30141 | Orc:1    | Entered Level 1 of the Orcish Mines
 30491 | Orc:1    | Received a gift from Trog
 30850 | Orc:2    | Entered Level 2 of the Orcish Mines
 31116 | Orc:2    | Found a staircase to the Elven Halls.
 31214 | Orc:2    | Reached skill level 15 in Fighting
 31237 | Orc:2    | Reached skill level 13 in Polearms
 31262 | Orc:2    | Reached XP level 16. HP: 135/136 MP: 19/19
 32317 | Orc:2    | Found Esass's Distillery.
 32317 | Orc:2    | Found Iwot's Armour Boutique.
 32318 | Orc:2    | Found Keetsixt's Jewellery Emporium.
 32325 | Orc:2    | Found Dietirut's Book Emporium.
 32454 | Orc:2    | Bought the amulet of Youthful Indiscretion {Reflect rF+ rN+
                  | SH+3} for 440 gold pieces
 32673 | Swamp:1  | Entered Level 1 of the Swamp
 32743 | Swamp:1  | Received a gift from Trog
 33204 | Swamp:1  | Got a transparent cloak
 33219 | Swamp:1  | Identified the +1 cloak "Atir" {rC- rCorr Dex+5} (You found
                  | it on level 1 of the Swamp)
 33276 | Swamp:1  | Reached skill level 14 in Polearms
 33309 | Swamp:1  | Got an ichor-stained chain mail
 33310 | Swamp:1  | Identified the +2 chain mail "Piadapol" {Regen+ Int+3} (You
                  | found it on level 1 of the Swamp)
 34770 | Swamp:2  | Got a bloodstained great sword
 34771 | Swamp:2  | Identified the +3 great sword "Lageni Homa" {slice, *Slow
                  | MR+ Int+2 Dex+6} (You found it on level 2 of the Swamp)
 35647 | Swamp:3  | Reached skill level 15 in Polearms
 37294 | Swamp:3  | Received a gift from Trog
 37578 | Swamp:4  | Entered Level 4 of the Swamp
 37578 | Swamp:4  | Noticed a tentacled monstrosity
 37602 | Swamp:3  | Killed a tentacled monstrosity
 37783 | Swamp:4  | Noticed Mara
 38099 | Swamp:4  | Noticed Flugkiller's illusion
 38286 | Swamp:4  | Noticed Flugkiller's illusion
 38480 | Swamp:4  | Noticed Flugkiller's illusion
 38725 | Swamp:4  | Noticed Flugkiller's illusion
 39134 | Swamp:4  | Killed Mara
 39134 | Swamp:4  | Reached XP level 17. HP: 142/142 MP: 20/20
 39163 | Swamp:4  | Reached skill level 16 in Polearms
 39281 | Swamp:4  | Reached skill level 1 in Shields
 40971 | Swamp:4  | Got a decaying rune of Zot
 41121 | Snake:1  | Entered Level 1 of the Snake Pit
 41135 | Lair:4   | Received a gift from Trog
 41355 | Snake:1  | Noticed Louise
 41359 | Snake:1  | You fall into a shaft and drop 1 floor!
 41988 | Snake:2  | Got a smelly scale mail
 41989 | Snake:2  | Identified the +6 scale mail of Agello {Int-4 Dex+3 Slay+3}
                  | (You found it on level 2 of the Snake Pit)
 43838 | Snake:1  | Found Bues's Jewellery Boutique.
 44453 | Snake:1  | Noticed Jorgrun
 44473 | Snake:1  | Killed Jorgrun
 44473 | Snake:1  | Reached skill level 17 in Polearms
 44579 | Snake:1  | Killed Louise
 44579 | Snake:1  | Reached XP level 18. HP: 117/153 MP: 21/21
 45440 | Snake:3  | Noticed Aizul
 45463 | Snake:3  | Killed Aizul
 45739 | Snake:3  | Noticed Vashnia
 46008 | Snake:3  | Reached ****** piety under Trog
 46739 | Snake:3  | Killed Vashnia
 47537 | Snake:4  | Entered Level 4 of the Snake Pit
 48743 | Snake:4  | Received a gift from Trog
 49987 | Snake:4  | Reached skill level 18 in Polearms
 50464 | Snake:4  | Received a gift from Trog
 50653 | Snake:4  | Reached XP level 19. HP: 99/163 MP: 22/22
 51375 | Snake:4  | Got a serpentine rune of Zot
 51805 | Elf:1    | Entered Level 1 of the Elven Halls
 52284 | Elf:1    | Received a gift from Trog
 52339 | Elf:1    | Found Koeffeh's Magic Scroll Shoppe.
 52344 | Elf:1    | Bought a scroll of blinking for 75 gold pieces
 52344 | Elf:1    | Bought a scroll of enchant armour for 75 gold pieces
 52417 | Elf:1    | Reached skill level 19 in Polearms
 53289 | Elf:2    | Found a ruined gateway.
 53294 | Desolati | Entered the Desolation of Salt
 54050 | Elf:2    | Received a gift from Trog
 54710 | Elf:2    | Found a huge runed translucent gate.
 54710 | Elf:2    | Found a huge runed translucent gate.
 54710 | Elf:2    | Found a huge runed translucent gate.
 54711 | Elf:2    | Found a huge runed translucent gate.
 54713 | Elf:2    | Found a huge runed translucent gate.
 54928 | Elf:3    | Entered Level 3 of the Elven Halls
 54986 | Elf:3    | Found Nyehat's Antique Weapon Shop.
 55042 | Elf:3    | Received a gift from Trog
 55938 | Elf:3    | Reached skill level 20 in Polearms
 56367 | Elf:3    | Noticed Nikola
 56392 | Elf:3    | Killed Nikola
 56419 | Elf:3    | HP: 2/163 [deep elf sorcerer/damnation (38)]
 57027 | Elf:3    | HP: 8/163 [deep elf master archer/arrow (21)]
 57028 | Elf:3    | HP: 1/163 [deep elf master archer/arrow (9)]
 57028 | Elf:3    | Shot with an arrow by a deep elf master archer

Levels and vault maps discovered:
D:1:      lemuel_arrival_funnel, layout_loops_corners,
          chequers_serial_rivers_small_b
D:2:      layout_loops_ring, first_ration, yredelemnul_altar_generic,
          uniq_jessica, uniq_robin, uniq_natasha
D:3:      layout_basic, grunt_temple_overflow_diamond,
          nicolae_overflow_hidden_temple, portal_sewer_entry_f, minmay_rat_hole,
          uniq_grinder
D:4:      layout_layer_cave, gammafunk_temple_overflow_arena,
          lemuel_doored_altar, nemelex_lonely_heart_becter
D:5:      layout_loops_cross, nicolae_overflow_crystal_walls
D:6:      layout_basic, ebering_dispersal_statue_hall, grunt_qazlal_clouds
D:7:      layout_basic, minmay_temple_entry_arrows, enter_bailey_3, basic_altar
D:8:      layout_basic
D:9:      layout_roguey, david_lair_generic, grunt_ogre_cave,
          kennysheep_big_empty_room
D:10:     layout_irregular_city, gammafunk_ghost_hydra_chop, minmay_fountain_box
D:11:     layout_roguey, kennysheep_opposing_triangles, uniq_josephine
D:12:     layout_roguey, orc_david_3
D:13:     kennysheep_spiral_hall, layout_rooms, grunt_vaults_entry_tiered,
          hangedman_abyss_or_decor_slice
D:14:     layout_cave_pods, serial_shops, shop, kennysheep_another_room
D:15:     grunt_enter_depths_snipers, layout_basic,
          hangedman_abyss_or_decor_stabs, minmay_fractal_squares_gapless_7
Lair:1:   gammafunk_cloud_chamber, layout_cave_pods,
          infiniplex_staircase_pool_2, lemuel_fruit_fields
Lair:2:   layout_misc_corridors, uniq_erica, uniq_sonja
Lair:3:   layout_cave_pods, skrybe_swamp_entry_bodies, minmay_lair_oklob_bushes,
          infiniplex_staircase_pool, uniq_rupert
Lair:4:   layout_cave_pods, minmay_snake_entry_guardpost_small,
          grunt_forest_large_clearing_hut
Lair:5:   layout_regular_city, gauntlet_entry_generic, grunt_megastairs_2,
          serial_bayou_shore_b
Lair:6:   evilmike_catoblepas_cave, layout_misc_corridors,
          minmay_slime_entry_oklob_open, gammafunk_ghost_necromancy,
          hibernation_bobbens, serial_bayou_shore_a, lemuel_fruit_tree
Swamp:1:  layout_basic_swamp, hangedman_swamp_lotus, swamp_pool3
Swamp:2:  layout_falls_marsh, hangedman_swamp_ruin_wall, swamp_pool2
Swamp:3:  layout_basic_swamp, nicolae_swamp_fairy_circle,
          cheibrodos_swamp_kobolds
Swamp:4:  swamp, layout_basic_swamp, swamp_pool1, uniq_mara
Snake:1:  layout_misc_corridors, serial_shops, shop,
          chequers_hall_statues_wall_a, nrook_loot_triangle, uniq_louise,
          uniq_jorgrun
Snake:2:  layout_grid_maze
Snake:3:  layout_grid_shapes, uniq_aizul, uniq_vashnia
Snake:4:  snake_pit_salamanders_mu, layout_grid_maze
Orc:1:    layout_diamond_mine, nicolae_orc_damp_corner
Orc:2:    st_orc_elflike, layout_diamond_mine
Elf:1:    eino_elf_arrival_sip, layout_geoelf_octagon, serial_shops,
          nicolae_shop_trees, hangedman_elf_disciples
Elf:2:    layout_loops_corners, portal_desolation_entry_ruin
Elf:3:    elf_hall, layout_geoelf_castle, serial_shops,
          nicolae_shop_window_shopping, st_stairs_7, uniq_nikola

Skill      XL: |  1  2  3  4  5  6  7  8  9 10 11 12 13 14 15 16 17 18 19 |
---------------+----------------------------------------------------------+-----
Fighting       | 4 6 7 9 11 12 14 15 16 18 | 18.0
Polearms       | 3 6 7 9 10 13 15 17 18 20 | 20.0
Dodging        | 3 4 5 7 8 |  8.0
Evocations     | 5 |  5.3
Armour         | 2 7 8 10 12 14 | 14.2
Shields        | 1 |  1.6

Action                   |  1- 3 |  4- 6 |  7- 9 | 10-12 | 13-15 | 16-18 | 19-21 || total
-------------------------+-------+-------+-------+-------+-------+-------+-------++-------
Melee: Spear             |   116 |   333 |   821 |   570 |   453 |       |       ||  2293
       Short sword       |       |       |    28 |       |       |       |       ||    28
       Trident           |       |       |       |   363 |   885 |   258 |    15 ||  1521
       Executioner's axe |       |       |       |    85 |   247 |       |       ||   332
       Scimitar          |       |       |       |    14 |    41 |       |       ||    55
       Bardiche          |       |       |       |       |   209 |       |   397 ||   606
       Glaive            |       |       |       |       |     4 |   278 |       ||   282
       Halberd           |       |       |       |       |       |   508 |    23 ||   531
       Demon trident     |       |       |       |       |       |  1150 |   168 ||  1318
Throw: Dart              |       |       |     1 |     2 |       |       |       ||     3
       Javelin           |       |       |       |       |     1 |       |       ||     1
Invok: Trog's Hand       |       |     4 |     7 |     5 |     9 |     4 |     5 ||    34
       Brothers in Arms  |       |       |     2 |     5 |     3 |     2 |     1 ||    13
 Abil: Evoke Flight      |       |       |       |       |       |     3 |       ||     3
Evoke: Wand              |       |       |     7 |    20 |       |     6 |     4 ||    37
       Lamp of fire      |       |       |       |     2 |     1 |       |       ||     3
  Use: Scroll            |       |     3 |     4 |     8 |     6 |    14 |     8 ||    43
 Stab: Distracted        |       |       |       |     1 |       |       |       ||     1
       Petrified         |       |       |       |       |     5 |       |       ||     5
       Paralysed         |       |       |       |       |       |     6 |       ||     6
       Confused          |       |       |       |       |       |     2 |       ||     2
Armor: Animal skin       |     1 |       |       |       |       |       |       ||     1
       Scale mail        |    29 |   124 |   261 |    73 |       |   259 |   197 ||   943
       Plate armour      |       |       |       |   254 |   604 |   553 |       ||  1411
       Chain mail        |       |       |       |       |   146 |    20 |       ||   166
Dodge: Dodged            |    29 |   118 |   458 |   413 |   928 |   950 |   270 ||  3166
Block: Buckler           |     2 |    31 |   104 |   204 |    64 |    11 |       ||   416
       Shield            |       |       |       |    15 |       |   520 |    80 ||   615
       Reflection        |       |       |       |     8 |    22 |    85 |    13 ||   128
       Other             |       |       |       |    30 |   292 |   125 |    29 ||   476
       Rpst.: Scimitar   |       |       |       |     1 |     5 |       |       ||     6

Table legend:
 A = Non-vault XP
 B = Vault XP
 C = Vault XP percentage of total XP
 D = Non-vault monster count
 E = Vault monster count
 F = Vault count percentage of total count
                 A         B        C        D         E       F
            +---------+---------+-------+---------+---------+-------
      Total |  295301 |  178093 |  37.6 |     982 |     327 |  25.0
            +---------+---------+-------+---------+---------+-------
        D:1 |      26 |       0 |   0.0 |      14 |       0 |   0.0
        D:2 |     136 |     101 |  42.6 |      22 |      11 |  33.3
        D:3 |     133 |     309 |  69.9 |      25 |      25 |  50.0
        D:4 |     749 |       0 |   0.0 |      23 |       0 |   0.0
        D:5 |     742 |       0 |   0.0 |      27 |       0 |   0.0
        D:6 |    1186 |       0 |   0.0 |      29 |       0 |   0.0
        D:7 |    1856 |       8 |   0.4 |      26 |       4 |  13.3
        D:8 |    1279 |       0 |   0.0 |      21 |       0 |   0.0
        D:9 |     697 |    1079 |  60.8 |      20 |       5 |  20.0
       D:10 |    1694 |       0 |   0.0 |      18 |       0 |   0.0
       D:11 |    3862 |    2541 |  39.7 |      24 |       9 |  27.3
       D:12 |    4748 |     772 |  14.0 |      21 |       5 |  19.2
       D:13 |   11110 |    8709 |  43.9 |      51 |      27 |  34.6
       D:14 |    9649 |       0 |   0.0 |      38 |       0 |   0.0
       D:15 |   15612 |    5145 |  24.8 |      34 |      11 |  24.4
     Lair:1 |    4214 |       0 |   0.0 |      18 |       0 |   0.0
     Lair:2 |    2866 |    1746 |  37.9 |      17 |       2 |  10.5
     Lair:3 |    5839 |    3161 |  35.1 |      24 |       3 |  11.1
     Lair:4 |    4898 |    2011 |  29.1 |      20 |       6 |  23.1
     Lair:5 |   16547 |    1218 |   6.9 |      50 |       2 |   3.8
     Lair:6 |   16326 |   10849 |  39.9 |      42 |      19 |  31.1
    Swamp:1 |   12506 |       0 |   0.0 |      30 |       0 |   0.0
    Swamp:2 |   13148 |       0 |   0.0 |      28 |       0 |   0.0
    Swamp:3 |   21745 |     786 |   3.5 |      36 |       2 |   5.3
    Swamp:4 |    6393 |   29346 |  82.1 |      22 |      33 |  60.0
    Snake:1 |   22316 |    4955 |  18.2 |      39 |       2 |   4.9
    Snake:2 |   24499 |       0 |   0.0 |      47 |       0 |   0.0
    Snake:3 |   15948 |   10233 |  39.1 |      21 |       7 |  25.0
    Snake:4 |    8459 |   52531 |  86.1 |      19 |      74 |  79.6
      Orc:1 |    2810 |     642 |  18.6 |      38 |       1 |   2.6
      Orc:2 |    6096 |    7758 |  56.0 |      36 |      24 |  40.0
      Elf:1 |   16906 |    7366 |  30.3 |      30 |      12 |  28.6
      Elf:2 |   21071 |    2336 |  10.0 |      36 |       4 |  10.0
      Elf:3 |   19235 |   12673 |  39.7 |      36 |       9 |  20.0
      Sewer |       0 |     119 | 100.0 |       0 |       9 | 100.0
     Bailey |       0 |    5471 | 100.0 |       0 |      11 | 100.0
 Desolation |       0 |    6228 | 100.0 |       0 |      10 | 100.0
            +---------+---------+-------+---------+---------+-------
